Devils vs Canadiens (R1)

Created - December 7, 2018 at 19:06

Goals
1 2 3 OT1 SO T
Devils 2 2 0 0 0 4
Canadiens 0 2 2 0 1 5
Shots
1 2 3 OT1 SO T
Devils 11 7 8 1 4 27
Canadiens 6 11 18 0 4 35

1st period

1. Devils , Patrick Kane 20 (Matt Duchene 27, Dmitry Kulikov 7) at 13:35
2. Devils , Patrick Kane 21 (Matt Duchene 28) at 15:35

Penalties :
Tyler Cuma (NJD) for Roughing (Minor) at 2:52, Alexander Frolov (Mon) for Tripping (Minor) at 10:37

2nd period

3. Devils , Jordan Eberle 8 (Taylor Hall 19, Jonathan Toews 18) at 3:56
4. Devils , Anthony Stewart 4 (Ondrej Palat 5, Scott Gomez 5) at 13:34
5. Canadiens , Joe Pavelski 9 (Sidney Crosby 19, Greg Stewart 12) at 17:43 (PP)
6. Canadiens , Greg Stewart 10 (Joe Pavelski 11, Raphael Diaz 12) at 18:02 (PP)

Penalties :
Jaden Schwartz (NJD) for Roughing (Minor) at 14:30, Tyler Cuma (NJD) for Hooking (Minor) at 17:25, Tyler Cuma (NJD) for Goalie Interference (Minor) at 17:48

3rd period

7. Canadiens , Alexander Frolov 7 (Vitaly Vishnevsky 6, Enver Lisin 5) at 14:44
8. Canadiens , Greg Stewart 11 (Joe Pavelski 12, Sidney Crosby 20) at 19:19 (PP)

Penalties :
Scott Gomez (NJD) for Hooking (Minor) at 10:28, Shaone Morrisonn (Mon) for Tripping (Minor) at 16:49, Ondrej Palat (NJD) for Hooking (Minor) at 19:05

Overtime #1

No Goal

Penalties :
No Penalty

Shootout

Penalty Shot by Patrick Kane for Devils - Stopped by Henrik Lundqvist
Penalty Shot by Sidney Crosby for Canadiens - Stopped by Ryan Miller
Penalty Shot by Taylor Hall for Devils - Stopped by Henrik Lundqvist
Penalty Shot by Frans Nielsen for Canadiens - Shot Hit the Post
Penalty Shot by Matt Duchene for Devils - Stopped by Henrik Lundqvist
Penalty Shot by Greg Stewart for Canadiens - Stopped by Ryan Miller
Penalty Shot by Jordan Eberle for Devils - Stopped by Henrik Lundqvist
Penalty Shot by Alexander Frolov for Canadiens - Goal!

Penalties :
No Penalty

Goalie Stats

Ryan Miller (NJD), 31 saves from 35 shots - (0.886), OTL, 9-9-2, 65:00 minutes
Henrik Lundqvist (Mon), 23 saves from 27 shots - (0.852), W, 10-10-2, 64:41 minutes

Players Stats for Devils

Player Name              G  A  P  +/- PIM S  H  SB GA TA FO     MP     PP MP  PK MP  
------------------------------------------------------------------------------------
Anthony Stewart          1  0  1   1  0   3  0  1  0  1  4/7    12:00   0:00   1:57 
Ben Lovejoy              0  0  0  -1  0   1  3  2  2  1  0/0    22:24   2:09   1:47 
Colton Parayko           0  0  0   1  0   0  1  0  0  0  0/0    10:51   0:00   0:00 
Dmitry Kulikov           0  1  1   2  0   0  1  4  1  0  0/0    20:40   1:49   4:56 
Jaden Schwartz           0  0  0   2  2   1  4  0  0  0  0/0    16:50   1:38   0:00 
Jonathan Toews           0  1  1   1  0   2  1  0  0  0  17/31  21:15   1:56   1:15 
Jordan Eberle            1  0  1   1  0   5  0  1  0  0  1/2    25:02   1:56   4:29 
Kellan Lain              0  0  0  -1  0   0  0  0  0  0  0/0     8:05   0:00   0:00 
Matt Duchene             0  2  2   2  0   2  2  0  0  0  2/10   19:30   2:02   0:35 
Ondrej Palat             0  1  1   1  2   1  0  0  0  0  0/0    12:04   0:00   0:59 
Patrick Kane             2  0  2   2  0   5  0  0  1  1  0/1    18:21   2:02   1:15 
Ryan O'Byrne             0  0  0   2  0   2  1  2  1  0  0/0    27:54   0:00   4:56 
Scott Gomez              0  1  1   1  2   1  1  1  1  1  6/13   15:01   0:18   2:56 
Steve Quailer            0  0  0  -1  0   1  1  1  2  1  0/0     8:05   0:00   0:00 
Taylor Hall              0  1  1   1  0   1  2  1  1  0  1/1    18:32   2:02   0:00 
Travis Hamonic           0  0  0   0  0   2  3  2  2  0  0/0    25:14   1:49   1:47 
Tyler Bozak              0  0  0  -1  0   0  0  1  0  0  5/7     8:05   0:00   0:00 
Tyler Cuma               0  0  0   2  6   0  2  0  1  1  0/0    23:17   2:09   0:00 

Players Stats for Canadiens

Player Name              G  A  P  +/- PIM S  H  SB GA TA FO     MP     PP MP  PK MP  
------------------------------------------------------------------------------------
Adam Pardy               0  0  0  -1  0   0  0  1  0  2  0/0    11:34   0:00   1:31 
Alexander Frolov         1  0  1   0  2   5  1  0  0  1  1/3    20:19   2:37   1:01 
Brett Maclean            0  0  0  -1  0   0  0  0  0  1  0/0     9:26   0:00   0:00 
Brock Nelson             0  0  0   0  0   2  0  0  0  0  0/0    10:33   0:00   1:47 
David Jones              0  0  0  -1  0   0  2  0  0  0  0/0     9:59   0:00   0:26 
Dustin Boyd              0  0  0  -1  0   0  1  0  0  0  6/7    12:55   0:00   2:07 
Enver Lisin              0  1  1   0  0   3  2  0  1  0  0/1    17:20   2:37   0:00 
Frans Nielsen            0  0  0   0  0   3  0  0  1  0  4/7    20:48   2:37   1:48 
Greg Stewart             2  1  3  -2  0   6  1  0  0  0  1/3    24:08   4:06   0:44 
Joe Pavelski             1  2  3  -2  0   3  1  0  0  0  0/1    21:12   4:06   0:00 
Luke Schenn              0  0  0  -1  0   2  2  0  2  0  0/0    33:05   4:32   2:29 
Marcel Goc               0  0  0   0  0   1  2  0  0  0  2/5     8:00   0:00   0:03 
Mark Stuart              0  0  0  -1  0   0  0  0  0  2  0/0    22:12   2:11   2:01 
Raphael Diaz             0  1  1  -1  0   1  1  3  1  2  0/0    30:21   4:32   0:00 
Shaone Morrisonn         0  0  0  -1  2   1  1  0  0  1  0/0    12:02   0:00   1:16 
Sidney Crosby            0  2  2  -2  0   6  2  2  1  0  21/44  23:24   4:06   0:00 
Tyler Pitlick            0  0  0   0  0   0  1  0  0  2  1/1     7:51   0:00   0:00 
Vitaly Vishnevsky        0  1  1  -1  0   2  1  2  0  1  0/0    20:51   2:11   0:39 

3 Stars

1 - Patrick Kane (NJD)
2 - Greg Stewart (Mon)
3 - Joe Pavelski (Mon)

Power Play

Devils - 0 on 2 Attempt(s) - 0.00%
Canadiens - 3 on 7 Attempt(s) - 42.86%

Penalty Kill

Devils - 4 on 7 Attempt(s) - 57.14% - Score 0 goal in Penalty Kill
Canadiens - 2 on 2 Attempt(s) - 100.00% - Score 0 goal in Penalty Kill

Team Stat

Devils - Hits : 22 - Faceoff Wins : 36 - Blocked Shots : 16 - Penalty Minutes : 12
Canadiens - Hits : 18 - Faceoff Wins : 36 - Blocked Shots : 8 - Penalty Minutes : 4

Official

Referees : Unknown
Linesman : Unknown

Game Notes

8:42 of 3rd period - Penalty Shot by Travis Hamonic for Devils - Stopped by Henrik Lundqvist

Finance

Level 1 -- Attendance: 5830 (97.17%) -- Ticket Income $507,210
Level 2 -- Attendance: 4549 (90.98%) -- Ticket Income $254,744
Level 3 -- Attendance: 1989 (99.45%) -- Ticket Income $69,615
Level 4 -- Attendance: 3059 (76.48%) -- Ticket Income $85,652
Luxury Box -- Attendance: 1000 (100.00%) -- Ticket Income $150,000
Game was played at the Centre Bell.
Total Attendance: 16427 (91.26%)
Total Ticket Income: $1,067,221
Other Income: $160,083
Total Income: $1,227,304

Devils

5 vs 5 Forward 
   Center                   Left Wing                Right Wing               Time % Phy DF OF 
 1 Jonathan Toews           Taylor Hall              Jordan Eberle            40     0   2  3  
 2 Matt Duchene             Jaden Schwartz           Patrick Kane             30     0   2  3  
 3 Scott Gomez              Ondrej Palat             Anthony Stewart          20     0   2  3  
 4 Tyler Bozak              Kellan Lain              Steve Quailer            10     0   3  2  

5 vs 5 Defense 
   Defense                  Defense                                           Time % Phy DF OF 
 1 Ryan O'Byrne             Tyler Cuma                                        40     0   3  2  
 2 Ben Lovejoy              Travis Hamonic                                    30     0   3  2  
 3 Dmitry Kulikov           Colton Parayko                                    20     0   3  2  
 4 Travis Hamonic           Dmitry Kulikov                                    10     0   3  2  

PowerPlay Forward 
   Center                   Left Wing                Right Wing               Time % Phy DF OF 
 1 Matt Duchene             Taylor Hall              Patrick Kane             60     0   2  3  
 2 Jonathan Toews           Jaden Schwartz           Jordan Eberle            40     0   2  3  

PowerPlay Defense
   Defense                  Defense                                           Time % Phy DF OF 
 1 Tyler Cuma               Ben Lovejoy                                       60     1   2  2  
 2 Travis Hamonic           Dmitry Kulikov                                    40     1   2  2  

Penalty Kill 4 Players Forward 
   Center                   Wing                     Time % Phy DF OF 
 1 Scott Gomez              Jordan Eberle            60     1   2  2  
 2 Jonathan Toews           Patrick Kane             40     1   2  2  

Penalty Kill 4 Players Defense
   Defense                  Defense                  Time % Phy DF OF 
 1 Ryan O'Byrne             Dmitry Kulikov           60     1   2  2  
 2 Travis Hamonic           Ben Lovejoy              40     1   2  2  

Penalty Kill - 3 Players Forward 
   Forward                                           Time % Phy DF OF 
 1 Scott Gomez                                       60     1   2  2  
 2 Taylor Hall                                       40     1   2  2  

Penalty Kill - 3 Players Defense
   Defense                  Defense                  Time % Phy DF OF 
 1 Travis Hamonic           Dmitry Kulikov           60     1   2  2  
 2 Ben Lovejoy              Ryan O'Byrne             40     1   2  2  

4 vs 4 Forward 
   Center                   Wing                     Time % Phy DF OF 
 1 Jonathan Toews           Jordan Eberle            60     1   2  2  
 2 Matt Duchene             Taylor Hall              40     1   2  2  

4 vs 4 Defense
   Defense                  Defense                  Time % Phy DF OF 
 1 Travis Hamonic           Ben Lovejoy              60     1   2  2  
 2 Colton Parayko           Ryan O'Byrne             40     1   2  2  

Last Minutes Offensive
   Center                   Left Wing                Right Wing               Defense                  Defense                  
   Matt Duchene             Taylor Hall              Patrick Kane             Tyler Cuma               Ben Lovejoy              

Last Minutes Defensive
   Center                   Left Wing                Right Wing               Defense                  Defense                  
   Matt Duchene             Taylor Hall              Patrick Kane             Travis Hamonic           Ben Lovejoy              

Goaltenders
Starting : Ryan Miller              
Backup : Keith Kinkaid            

Extra Forwards
Normal : Scott Gomez, Ondrej Palat, Anthony Stewart - PP : Scott Gomez, Ondrej Palat - PK : Anthony Stewart
Extra Defensemen
Normal : Dmitry Kulikov, Tyler Cuma, Colton Parayko - PP : Dmitry Kulikov - PK : Tyler Cuma, Colton Parayko
Penalty Shots
Patrick Kane, Taylor Hall, Matt Duchene, Jordan Eberle, Jonathan Toews

Scratches
Brandon Bollig (Healthy)

Canadiens

5 vs 5 Forward 
   Center                   Left Wing                Right Wing               Time % Phy DF OF 
 1 Sidney Crosby            Greg Stewart             Joe Pavelski             40     0   1  4  
 2 Frans Nielsen            Alexander Frolov         Enver Lisin              30     0   2  3  
 3 Dustin Boyd              Brett Maclean            David Jones              20     0   2  3  
 4 Marcel Goc               Brock Nelson             Tyler Pitlick            10     0   4  1  

5 vs 5 Defense 
   Defense                  Defense                                           Time % Phy DF OF 
 1 Luke Schenn              Raphael Diaz                                      40     0   2  3  
 2 Vitaly Vishnevsky        Mark Stuart                                       30     0   2  3  
 3 Adam Pardy               Shaone Morrisonn                                  20     0   3  2  
 4 Luke Schenn              Raphael Diaz                                      10     0   3  2  

PowerPlay Forward 
   Center                   Left Wing                Right Wing               Time % Phy DF OF 
 1 Sidney Crosby            Greg Stewart             Joe Pavelski             60     0   0  5  
 2 Frans Nielsen            Alexander Frolov         Enver Lisin              40     0   0  5  

PowerPlay Defense
   Defense                  Defense                                           Time % Phy DF OF 
 1 Raphael Diaz             Luke Schenn                                       60     0   1  4  
 2 Vitaly Vishnevsky        Mark Stuart                                       40     0   1  4  

Penalty Kill 4 Players Forward 
   Center                   Wing                     Time % Phy DF OF 
 1 Dustin Boyd              Alexander Frolov         60     0   4  1  
 2 Frans Nielsen            David Jones              40     0   4  1  

Penalty Kill 4 Players Defense
   Defense                  Defense                  Time % Phy DF OF 
 1 Shaone Morrisonn         Luke Schenn              60     1   4  0  
 2 Adam Pardy               Mark Stuart              40     1   4  0  

Penalty Kill - 3 Players Forward 
   Forward                                           Time % Phy DF OF 
 1 Dustin Boyd                                       60     0   5  0  
 2 Marcel Goc                                        40     0   5  0  

Penalty Kill - 3 Players Defense
   Defense                  Defense                  Time % Phy DF OF 
 1 Shaone Morrisonn         Luke Schenn              60     0   5  0  
 2 Mark Stuart              Adam Pardy               40     0   5  0  

4 vs 4 Forward 
   Center                   Wing                     Time % Phy DF OF 
 1 Sidney Crosby            Greg Stewart             60     0   2  3  
 2 Frans Nielsen            Alexander Frolov         40     0   2  3  

4 vs 4 Defense
   Defense                  Defense                  Time % Phy DF OF 
 1 Vitaly Vishnevsky        Mark Stuart              60     0   2  3  
 2 Luke Schenn              Raphael Diaz             40     0   2  3  

Last Minutes Offensive
   Center                   Left Wing                Right Wing               Defense                  Defense                  
   Sidney Crosby            Greg Stewart             Joe Pavelski             Luke Schenn              Raphael Diaz             

Last Minutes Defensive
   Center                   Left Wing                Right Wing               Defense                  Defense                  
   Frans Nielsen            Alexander Frolov         Joe Pavelski             Shaone Morrisonn         Luke Schenn              

Goaltenders
Starting : Henrik Lundqvist         
Backup : Allen York               

Extra Forwards
Normal : Sidney Crosby, Frans Nielsen, Greg Stewart - PP : Sidney Crosby, Frans Nielsen - PK : Alexander Frolov
Extra Defensemen
Normal : Luke Schenn, Raphael Diaz, Shaone Morrisonn - PP : Luke Schenn - PK : Mark Stuart, Luke Schenn
Penalty Shots
Sidney Crosby, Frans Nielsen, Greg Stewart, Alexander Frolov, Joe Pavelski

Scratches
Dustin Kohn (Healthy), Evgeny Dadonov (Suspend), Wes O'Neill (Healthy)

% Time on Ice - Devils

Lines # - Real PCT - Wanted PCT - Time Play
Normal Forward
1 - 34% - 40% - 16:40
2 - 31% - 30% - 15:13
3 - 19% - 20% - 9:09
4 - 16% - 10% - 8:05
Normal Defense
1 - 43% - 40% - 21:16
2 - 31% - 30% - 15:25
3 - 18% - 20% - 9:00
4 - 7% - 10% - 3:26
PP Forward
1 - 51% - 60% - 2:02
2 - 49% - 40% - 1:56
PP Defense
1 - 54% - 60% - 2:09
2 - 46% - 40% - 1:49
PK Forward
1 - 81% - 60% - 5:28
2 - 19% - 40% - 1:15
PK Defense
1 - 73% - 60% - 4:56
2 - 27% - 40% - 1:47
PK3 Forward
1 - 0% - 60%
2 - 0% - 40%
PK3 Defense
1 - 0% - 60%
2 - 0% - 40%
44 Forward
1 - 75% - 60% - 3:45
2 - 25% - 40% - 1:15
44 Defense
1 - 63% - 60% - 3:09
2 - 37% - 40% - 1:51
Last Minute Offensive  - 0:00
Last Minute Defensive  - 0:12
Total
Forward - 65:00
Defense - 65:00

% Time on Ice - Canadiens

Lines # - Real PCT - Wanted PCT - Time Play
Normal Forward
1 - 35% - 40% - 17:01
2 - 30% - 30% - 14:50
3 - 19% - 20% - 9:26
4 - 16% - 10% - 7:51
Normal Defense
1 - 41% - 40% - 20:03
2 - 31% - 30% - 15:22
3 - 20% - 20% - 9:40
4 - 8% - 10% - 4:03
PP Forward
1 - 61% - 60% - 4:06
2 - 39% - 40% - 2:37
PP Defense
1 - 67% - 60% - 4:32
2 - 33% - 40% - 2:11
PK Forward
1 - 89% - 60% - 3:32
2 - 11% - 40% - 0:26
PK Defense
1 - 82% - 60% - 3:15
2 - 18% - 40% - 0:43
PK3 Forward
1 - 0% - 60%
2 - 0% - 40%
PK3 Defense
1 - 0% - 60%
2 - 0% - 40%
44 Forward
1 - 87% - 60% - 4:21
2 - 13% - 40% - 0:39
44 Defense
1 - 59% - 60% - 2:56
2 - 41% - 40% - 2:04
Last Minute Offensive  - 0:11
Last Minute Defensive  - 0:00
Total
Forward - 65:00
Defense - 65:00

Play by Play

1st period


0:01 of 1st period - Sidney Crosby wins face-off versus Jonathan Toews in neutral zone.
0:03 of 1st period - Luke Schenn is hit by Tyler Cuma and loses puck.
0:31 of 1st period - Wrist shot by Matt Duchene.
0:31 of 1st period - Shot Misses the Net.
0:53 of 1st period - Snap shot by Brock Nelson.
0:53 of 1st period - Stopped by Ryan Miller without a rebound.
0:54 of 1st period - Anthony Stewart wins face-off versus Marcel Goc in Devils zone.
1:19 of 1st period - Ben Lovejoy is hit by Shaone Morrisonn and loses puck.
1:30 of 1st period - Slapshot by Travis Hamonic.
1:30 of 1st period - Stopped by Henrik Lundqvist without a rebound.
1:31 of 1st period - Tyler Bozak wins face-off versus Sidney Crosby in Canadiens zone.
1:46 of 1st period - Slapshot by Vitaly Vishnevsky.
1:46 of 1st period - Shot Blocked by Steve Quailer.
1:48 of 1st period - Slapshot by Mark Stuart.
1:48 of 1st period - Deflect By Joe Pavelski.
1:48 of 1st period - Shot Misses the Net.
1:48 of 1st period - Puck is out of play.
1:49 of 1st period - Frans Nielsen wins face-off versus Jordan Eberle in Devils zone.
2:16 of 1st period - Raphael Diaz is hit by Travis Hamonic and loses puck.
2:52 of 1st period - Minor Penalty to Tyler Cuma for Roughing.
2:53 of 1st period - Scott Gomez wins face-off versus Sidney Crosby in Devils zone.
3:01 of 1st period - Scott Gomez is hit by Sidney Crosby and loses puck.
3:08 of 1st period - Wrist shot by Sidney Crosby.
3:08 of 1st period - Stopped by Ryan Miller with a rebound.
3:10 of 1st period - Slapshot by Vitaly Vishnevsky.
3:10 of 1st period - Shot Blocked by Ryan O'Byrne.
3:20 of 1st period - Vitaly Vishnevsky is hit by Jonathan Toews and loses puck.
3:45 of 1st period - Travis Hamonic is hit by Luke Schenn and loses puck.
4:52 of 1st period - Penalty to Tyler Cuma is over, Tyler Cuma is back on ice.
5:28 of 1st period - Wrist shot by Tyler Bozak.
5:28 of 1st period - Shot Misses the Net.
5:30 of 1st period - Slapshot by Travis Hamonic.
5:30 of 1st period - Shot Blocked by Adam Pardy.
6:38 of 1st period - Ryan O'Byrne is hit by Dustin Boyd and loses puck.
7:32 of 1st period - Enver Lisin is hit by Dmitry Kulikov and loses puck.
7:53 of 1st period - Ben Lovejoy is hit by David Jones and loses puck.
8:04 of 1st period - Shaone Morrisonn is hit by Matt Duchene.
8:08 of 1st period - Brett Maclean is hit by Jaden Schwartz and loses puck.
8:15 of 1st period - Ben Lovejoy is hit by Vitaly Vishnevsky.
8:25 of 1st period - David Jones is hit by Jaden Schwartz and loses puck.
8:36 of 1st period - Slapshot by Matt Duchene.
8:36 of 1st period - Deflect By Patrick Kane.
8:36 of 1st period - Stopped by Henrik Lundqvist without a rebound.
8:37 of 1st period - Jonathan Toews wins face-off versus Sidney Crosby in Canadiens zone.
9:44 of 1st period - Luke Schenn is hit by Travis Hamonic and loses puck.
9:59 of 1st period - Snap shot by Jonathan Toews.
9:59 of 1st period - Shot Blocked by Sidney Crosby.
10:01 of 1st period - Wrist shot by Jordan Eberle.
10:01 of 1st period - Stopped by Henrik Lundqvist without a rebound.
10:02 of 1st period - Jonathan Toews wins face-off versus Sidney Crosby in Canadiens zone.
10:37 of 1st period - Minor Penalty to Alexander Frolov for Tripping.
10:38 of 1st period - Dustin Boyd wins face-off versus Matt Duchene in Canadiens zone.
11:19 of 1st period - Wrist shot by Frans Nielsen.
11:19 of 1st period - Stopped by Ryan Miller without a rebound.
11:20 of 1st period - Jonathan Toews wins face-off versus Frans Nielsen in Devils zone.
11:56 of 1st period - Snap shot by Patrick Kane.
11:56 of 1st period - Deflect By Matt Duchene.
11:56 of 1st period - Stopped by Henrik Lundqvist without a rebound.
11:57 of 1st period - Dustin Boyd wins face-off versus Matt Duchene in Canadiens zone.
11:57 of 1st period - Dustin Boyd is hit by Matt Duchene.
12:37 of 1st period - Penalty to Alexander Frolov is over, Alexander Frolov is back on ice.
12:47 of 1st period - Slapshot by Alexander Frolov.
12:47 of 1st period - Shot Blocked by Dmitry Kulikov.
12:49 of 1st period - Snap shot by Sidney Crosby.
12:49 of 1st period - Shot Misses the Net.
12:51 of 1st period - Wrist shot by Greg Stewart.
12:51 of 1st period - Stopped by Ryan Miller with a rebound.
12:53 of 1st period - Snap shot by Sidney Crosby.
12:53 of 1st period - Shot Misses the Net.
12:55 of 1st period - Slapshot by Luke Schenn.
12:55 of 1st period - Deflect By Scott Gomez.
12:55 of 1st period - Stopped by Ryan Miller with a rebound.
12:57 of 1st period - Slapshot by Joe Pavelski.
12:57 of 1st period - Shot Misses the Net.
12:59 of 1st period - Wrist shot by Joe Pavelski.
12:59 of 1st period - Shot Misses the Net.
13:35 of 1st period - Wrist shot by Patrick Kane.
13:35 of 1st period - Goal by Patrick Kane - Devils : 1 - Canadiens : 0.
13:36 of 1st period - Jonathan Toews wins face-off versus Sidney Crosby in neutral zone.
13:45 of 1st period - Wrist shot by Jonathan Toews.
13:45 of 1st period - Stopped by Henrik Lundqvist with a rebound.
14:03 of 1st period - Raphael Diaz is hit by Jaden Schwartz and loses puck.
14:57 of 1st period - Snap shot by Ondrej Palat.
14:57 of 1st period - Shot Misses the Net.
15:17 of 1st period - Snap shot by Enver Lisin.
15:17 of 1st period - Deflect By Frans Nielsen.
15:17 of 1st period - Shot Misses the Net.
15:17 of 1st period - Puck is out of play.
15:18 of 1st period - Matt Duchene wins face-off versus Sidney Crosby in Devils zone.
15:35 of 1st period - Wrist shot by Patrick Kane.
15:35 of 1st period - Goal by Patrick Kane - Devils : 2 - Canadiens : 0.
15:36 of 1st period - Sidney Crosby wins face-off versus Jonathan Toews in neutral zone.
15:46 of 1st period - Off-side.
15:47 of 1st period - Jonathan Toews wins face-off versus Joe Pavelski in neutral zone.
16:19 of 1st period - Slapshot by Patrick Kane.
16:19 of 1st period - Shot Misses the Net.
16:37 of 1st period - Backhand shot by Ondrej Palat.
16:37 of 1st period - Stopped by Henrik Lundqvist with a rebound.
16:39 of 1st period - Wrist shot by Anthony Stewart.
16:39 of 1st period - Shot Misses the Net.
16:41 of 1st period - Slapshot by Travis Hamonic.
16:41 of 1st period - Stopped by Henrik Lundqvist without a rebound.
16:42 of 1st period - Greg Stewart wins face-off versus Jonathan Toews in Canadiens zone.
17:24 of 1st period - Mark Stuart is hit by Ben Lovejoy and loses puck.
17:43 of 1st period - Snap shot by Patrick Kane.
17:43 of 1st period - Stopped by Henrik Lundqvist with a rebound.
19:28 of 1st period - Snap shot by Anthony Stewart.
19:28 of 1st period - Stopped by Henrik Lundqvist with a rebound.
19:42 of 1st period - Snap shot by Brock Nelson.
19:42 of 1st period - Stopped by Ryan Miller without a rebound.
19:43 of 1st period - Tyler Bozak wins face-off versus Marcel Goc in Devils zone.
19:52 of 1st period - Snap shot by Luke Schenn.
19:52 of 1st period - Shot Blocked by Travis Hamonic.
19:58 of 1st period - Slapshot by Luke Schenn.
19:58 of 1st period - Shot Blocked by Travis Hamonic.
Goals for this period are 2 for Devils vs 0 for Canadiens.
Shots for this period are 11 for Devils vs 6 for Canadiens.

2nd period


0:01 of 2nd period - Jonathan Toews wins face-off versus Sidney Crosby in neutral zone.
0:34 of 2nd period - Snap shot by Matt Duchene.
0:34 of 2nd period - Shot Misses the Net.
0:40 of 2nd period - Snap shot by Matt Duchene.
0:40 of 2nd period - Shot Blocked by Vitaly Vishnevsky.
1:58 of 2nd period - Wrist shot by Alexander Frolov.
1:58 of 2nd period - Stopped by Ryan Miller without a rebound.
1:59 of 2nd period - Frans Nielsen wins face-off versus Matt Duchene in Devils zone.
2:02 of 2nd period - Snap shot by Alexander Frolov.
2:02 of 2nd period - Stopped by Ryan Miller with a rebound.
2:04 of 2nd period - Snap shot by Enver Lisin.
2:04 of 2nd period - Stopped by Ryan Miller with a rebound.
2:06 of 2nd period - Snap shot by Enver Lisin.
2:06 of 2nd period - Stopped by Ryan Miller with a rebound.
2:08 of 2nd period - Snap shot by Luke Schenn.
2:08 of 2nd period - Shot Misses the Net.
2:22 of 2nd period - Slapshot by Frans Nielsen.
2:22 of 2nd period - Deflect By Patrick Kane.
2:22 of 2nd period - Stopped by Ryan Miller without a rebound.
2:23 of 2nd period - Sidney Crosby wins face-off versus Jonathan Toews in Devils zone.
2:28 of 2nd period - Wrist shot by Sidney Crosby.
2:28 of 2nd period - Stopped by Ryan Miller with a rebound.
2:54 of 2nd period - Wrist shot by Brett Maclean.
2:54 of 2nd period - Shot Misses the Net.
3:56 of 2nd period - Wrist shot by Taylor Hall.
3:56 of 2nd period - Deflect By Jordan Eberle.
3:56 of 2nd period - Goal by Jordan Eberle - Devils : 3 - Canadiens : 0.
3:57 of 2nd period - Jonathan Toews wins face-off versus Sidney Crosby in neutral zone.
4:01 of 2nd period - Icing by Luke Schenn.
4:02 of 2nd period - Jonathan Toews wins face-off versus Sidney Crosby in Canadiens zone.
4:05 of 2nd period - Wrist shot by Jordan Eberle.
4:05 of 2nd period - Deflect By Jonathan Toews.
4:05 of 2nd period - Shot Misses the Net.
4:05 of 2nd period - Puck is out of play.
4:06 of 2nd period - Jonathan Toews wins face-off versus Greg Stewart in Canadiens zone.
4:26 of 2nd period - Luke Schenn is hit by Taylor Hall and loses puck.
4:31 of 2nd period - Snap shot by Jonathan Toews.
4:31 of 2nd period - Stopped by Henrik Lundqvist without a rebound.
4:32 of 2nd period - Matt Duchene wins face-off versus Alexander Frolov in Canadiens zone.
5:16 of 2nd period - Icing by Travis Hamonic.
5:17 of 2nd period - Dustin Boyd wins face-off versus Patrick Kane in Devils zone.
6:11 of 2nd period - Icing by Ben Lovejoy.
6:12 of 2nd period - Scott Gomez wins face-off versus Sidney Crosby in Devils zone.
6:17 of 2nd period - Wrist shot by Scott Gomez.
6:17 of 2nd period - Stopped by Henrik Lundqvist without a rebound.
6:18 of 2nd period - Sidney Crosby wins face-off versus Jonathan Toews in Canadiens zone.
6:54 of 2nd period - Snap shot by Alexander Frolov.
6:54 of 2nd period - Shot Misses the Net.
7:58 of 2nd period - Slapshot by Jordan Eberle.
7:58 of 2nd period - Stopped by Henrik Lundqvist without a rebound.
7:59 of 2nd period - Sidney Crosby wins face-off versus Matt Duchene in Canadiens zone.
8:50 of 2nd period - Wrist shot by Dustin Boyd.
8:50 of 2nd period - Shot Misses the Net.
9:51 of 2nd period - Icing by Tyler Pitlick.
9:52 of 2nd period - Tyler Pitlick wins face-off versus Jonathan Toews in Canadiens zone.
9:59 of 2nd period - Slapshot by Jonathan Toews.
9:59 of 2nd period - Shot Blocked by Raphael Diaz.
11:23 of 2nd period - Tyler Pitlick is hit by Tyler Cuma and loses puck.
11:27 of 2nd period - Icing by Tyler Pitlick.
11:28 of 2nd period - Marcel Goc wins face-off versus Matt Duchene in Canadiens zone.
11:33 of 2nd period - Slapshot by Adam Pardy.
11:33 of 2nd period - Shot Blocked by Ryan O'Byrne.
11:54 of 2nd period - Snap shot by Marcel Goc.
11:54 of 2nd period - Stopped by Ryan Miller without a rebound.
11:55 of 2nd period - Sidney Crosby wins face-off versus Jonathan Toews in Devils zone.
12:22 of 2nd period - Vitaly Vishnevsky is hit by Travis Hamonic and loses puck.
12:43 of 2nd period - Matt Duchene is hit by Raphael Diaz and loses puck.
12:56 of 2nd period - Slapshot by Luke Schenn.
12:56 of 2nd period - Deflect By Matt Duchene.
12:56 of 2nd period - Stopped by Ryan Miller without a rebound.
12:57 of 2nd period - Jonathan Toews wins face-off versus Sidney Crosby in Devils zone.
13:12 of 2nd period - Backhand shot by Greg Stewart.
13:12 of 2nd period - Shot Misses the Net.
13:14 of 2nd period - Wrist shot by Joe Pavelski.
13:14 of 2nd period - Shot Misses the Net.
13:28 of 2nd period - Slapshot by Ryan O'Byrne.
13:28 of 2nd period - Stopped by Henrik Lundqvist with a rebound.
13:34 of 2nd period - Snap shot by Anthony Stewart.
13:34 of 2nd period - Goal by Anthony Stewart - Devils : 4 - Canadiens : 0.
13:35 of 2nd period - Jordan Eberle wins face-off versus Sidney Crosby in neutral zone.
13:43 of 2nd period - Jonathan Toews is hit by Greg Stewart and loses puck.
14:02 of 2nd period - Ryan O'Byrne is hit by Luke Schenn and loses puck.
14:30 of 2nd period - Minor Penalty to Jaden Schwartz for Roughing.
14:31 of 2nd period - Scott Gomez wins face-off versus Sidney Crosby in Devils zone.
15:03 of 2nd period - Alexander Frolov is hit by Ben Lovejoy.
15:09 of 2nd period - Snap shot by Luke Schenn.
15:09 of 2nd period - Deflect By Enver Lisin.
15:09 of 2nd period - Shot Blocked by Scott Gomez.
15:09 of 2nd period - Puck is out of play.
15:10 of 2nd period - Scott Gomez wins face-off versus Sidney Crosby in Devils zone.
15:45 of 2nd period - Snap shot by Alexander Frolov.
15:45 of 2nd period - Deflect By Frans Nielsen.
15:45 of 2nd period - Stopped by Ryan Miller with a rebound.
16:30 of 2nd period - Penalty to Jaden Schwartz is over, Jaden Schwartz is back on ice.
16:43 of 2nd period - Ben Lovejoy is hit by Tyler Pitlick and loses puck.
17:25 of 2nd period - Minor Penalty to Tyler Cuma for Hooking.
17:26 of 2nd period - Sidney Crosby wins face-off versus Scott Gomez in Devils zone.
17:39 of 2nd period - Backhand shot by Joe Pavelski.
17:39 of 2nd period - Shot Blocked by Dmitry Kulikov.
17:41 of 2nd period - Snap shot by Sidney Crosby.
17:41 of 2nd period - Shot Blocked by Jordan Eberle.
17:43 of 2nd period - Snap shot by Joe Pavelski.
17:43 of 2nd period - Goal by Joe Pavelski - Devils : 4 - Canadiens : 1.
17:44 of 2nd period - Sidney Crosby wins face-off versus Jonathan Toews in neutral zone.
17:48 of 2nd period - Minor Penalty to Tyler Cuma for Goalie Interference.
17:49 of 2nd period - Scott Gomez wins face-off versus Sidney Crosby in Devils zone.
18:00 of 2nd period - Snap shot by Joe Pavelski.
18:00 of 2nd period - Shot Blocked by Dmitry Kulikov.
18:02 of 2nd period - Wrist shot by Greg Stewart.
18:02 of 2nd period - Goal by Greg Stewart - Devils : 4 - Canadiens : 2.
18:03 of 2nd period - Sidney Crosby wins face-off versus Jonathan Toews in neutral zone.
18:06 of 2nd period - Jonathan Toews is hit by Sidney Crosby and loses puck.
18:30 of 2nd period - Wrist shot by Scott Gomez.
18:30 of 2nd period - Deflect By Anthony Stewart.
18:30 of 2nd period - Shot Blocked by Raphael Diaz.
18:30 of 2nd period - Puck is out of play.
18:31 of 2nd period - Alexander Frolov wins face-off versus Scott Gomez in Canadiens zone.
18:40 of 2nd period - Snap shot by Anthony Stewart.
18:40 of 2nd period - Stopped by Henrik Lundqvist with a rebound.
18:46 of 2nd period - Slapshot by Scott Gomez.
18:46 of 2nd period - Shot Misses the Net.
19:43 of 2nd period - Icing by Raphael Diaz.
19:44 of 2nd period - Tyler Bozak wins face-off versus Marcel Goc in Canadiens zone.
Goals for this period are 2 for Devils vs 2 for Canadiens.
Shots for this period are 7 for Devils vs 11 for Canadiens.

3rd period


0:01 of 3rd period - Jonathan Toews wins face-off versus Sidney Crosby in neutral zone.
1:12 of 3rd period - Snap shot by Raphael Diaz.
1:12 of 3rd period - Stopped by Ryan Miller without a rebound.
1:13 of 3rd period - Marcel Goc wins face-off versus Jonathan Toews in Devils zone.
1:30 of 3rd period - Marcel Goc is hit by Taylor Hall and loses puck.
1:41 of 3rd period - Matt Duchene is hit by Joe Pavelski and loses puck.
3:06 of 3rd period - Wrist shot by Jordan Eberle.
3:06 of 3rd period - Shot Misses the Net.
3:12 of 3rd period - Matt Duchene is hit by Marcel Goc and loses puck.
3:32 of 3rd period - Alexander Frolov is hit by Colton Parayko and loses puck.
3:47 of 3rd period - Scott Gomez is hit by David Jones.
4:36 of 3rd period - Snap shot by Matt Duchene.
4:36 of 3rd period - Stopped by Henrik Lundqvist with a rebound.
5:18 of 3rd period - Ryan O'Byrne is hit by Alexander Frolov and loses puck.
5:56 of 3rd period - Wrist shot by Dustin Boyd.
5:56 of 3rd period - Shot Misses the Net.
6:27 of 3rd period - Off-side.
6:28 of 3rd period - Sidney Crosby wins face-off versus Jonathan Toews in neutral zone.
6:54 of 3rd period - Off-side.
6:55 of 3rd period - Frans Nielsen wins face-off versus Matt Duchene in neutral zone.
7:08 of 3rd period - Slapshot by Alexander Frolov.
7:08 of 3rd period - Stopped by Ryan Miller without a rebound.
7:09 of 3rd period - Jonathan Toews wins face-off versus Sidney Crosby in Devils zone.
8:06 of 3rd period - Slapshot by Shaone Morrisonn.
8:06 of 3rd period - Stopped by Ryan Miller with a rebound.
8:11 of 3rd period - Ryan O'Byrne is hit by Marcel Goc and loses puck.
8:14 of 3rd period - Backhand shot by Jaden Schwartz.
8:14 of 3rd period - Stopped by Henrik Lundqvist with a rebound.
8:16 of 3rd period - Snap shot by Patrick Kane.
8:16 of 3rd period - Shot Misses the Net.
8:18 of 3rd period - Slapshot by Ryan O'Byrne.
8:18 of 3rd period - Stopped by Henrik Lundqvist without a rebound.
8:19 of 3rd period - Sidney Crosby wins face-off versus Jonathan Toews in Canadiens zone.
8:28 of 3rd period - Wrist shot by Joe Pavelski.
8:28 of 3rd period - Shot Misses the Net.
8:30 of 3rd period - Snap shot by Greg Stewart.
8:30 of 3rd period - Shot Misses the Net.
8:32 of 3rd period - Wrist shot by Joe Pavelski.
8:32 of 3rd period - Shot Blocked by Taylor Hall.
8:34 of 3rd period - Snap shot by Joe Pavelski.
8:34 of 3rd period - Shot Misses the Net.
8:36 of 3rd period - Snap shot by Luke Schenn.
8:36 of 3rd period - Shot Blocked by Ben Lovejoy.
8:42 of 3rd period - Penalty Shot by Travis Hamonic for Devils.
8:42 of 3rd period - Wrist shot by Travis Hamonic.
8:42 of 3rd period - Stopped by Henrik Lundqvist.
8:43 of 3rd period - Scott Gomez wins face-off versus Frans Nielsen in Devils zone.
8:43 of 3rd period - Scott Gomez is hit by Enver Lisin.
8:53 of 3rd period - Wrist shot by Dmitry Kulikov.
8:53 of 3rd period - Deflect By Steve Quailer.
8:53 of 3rd period - Shot Misses the Net.
8:53 of 3rd period - Puck is out of play.
8:54 of 3rd period - Sidney Crosby wins face-off versus Tyler Bozak in Canadiens zone.
8:54 of 3rd period - Joe Pavelski is hit by Steve Quailer and loses puck.
9:03 of 3rd period - Snap shot by Kellan Lain.
9:03 of 3rd period - Deflect By Steve Quailer.
9:03 of 3rd period - Shot Misses the Net.
9:03 of 3rd period - Puck is out of play.
9:04 of 3rd period - Jonathan Toews wins face-off versus Sidney Crosby in Canadiens zone.
9:11 of 3rd period - Slapshot by Taylor Hall.
9:11 of 3rd period - Stopped by Henrik Lundqvist without a rebound.
9:12 of 3rd period - Sidney Crosby wins face-off versus Jonathan Toews in Canadiens zone.
9:23 of 3rd period - Snap shot by Sidney Crosby.
9:23 of 3rd period - Stopped by Ryan Miller without a rebound.
9:24 of 3rd period - Sidney Crosby wins face-off versus Jonathan Toews in Devils zone.
9:27 of 3rd period - Wrist shot by Sidney Crosby.
9:27 of 3rd period - Stopped by Ryan Miller without a rebound.
9:28 of 3rd period - Taylor Hall wins face-off versus Sidney Crosby in Devils zone.
10:20 of 3rd period - Luke Schenn is hit by Ben Lovejoy and loses puck.
10:28 of 3rd period - Minor Penalty to Scott Gomez for Hooking.
10:29 of 3rd period - Anthony Stewart wins face-off versus Sidney Crosby in Devils zone.
10:40 of 3rd period - Snap shot by Greg Stewart.
10:40 of 3rd period - Shot Misses the Net.
10:42 of 3rd period - Slapshot by Vitaly Vishnevsky.
10:42 of 3rd period - Stopped by Ryan Miller without a rebound.
10:43 of 3rd period - Sidney Crosby wins face-off versus Anthony Stewart in Devils zone.
10:44 of 3rd period - Snap shot by Greg Stewart.
10:44 of 3rd period - Stopped by Ryan Miller without a rebound.
10:45 of 3rd period - Sidney Crosby wins face-off versus Anthony Stewart in Devils zone.
11:00 of 3rd period - Slapshot by Sidney Crosby.
11:00 of 3rd period - Deflect By Anthony Stewart.
11:00 of 3rd period - Shot Blocked by Dmitry Kulikov.
11:00 of 3rd period - Puck is out of play.
11:01 of 3rd period - Anthony Stewart wins face-off versus Greg Stewart in Devils zone.
11:28 of 3rd period - Ryan O'Byrne is hit by Enver Lisin.
11:48 of 3rd period - Icing by Alexander Frolov.
11:49 of 3rd period - Anthony Stewart wins face-off versus Frans Nielsen in Canadiens zone.
12:08 of 3rd period - Snap shot by Alexander Frolov.
12:08 of 3rd period - Deflect By Ryan O'Byrne.
12:08 of 3rd period - Shot Blocked by Anthony Stewart.
12:08 of 3rd period - Puck is out of play.
12:09 of 3rd period - Sidney Crosby wins face-off versus Anthony Stewart in Devils zone.
12:23 of 3rd period - Off-side.
12:24 of 3rd period - Sidney Crosby wins face-off versus Matt Duchene in neutral zone.
12:28 of 3rd period - Penalty to Scott Gomez is over, Scott Gomez is back on ice.
12:55 of 3rd period - Wrist shot by Sidney Crosby.
12:55 of 3rd period - Shot Misses the Net.
12:57 of 3rd period - Snap shot by Greg Stewart.
12:57 of 3rd period - Shot Misses the Net.
13:01 of 3rd period - Snap shot by Sidney Crosby.
13:01 of 3rd period - Shot Misses the Net.
13:03 of 3rd period - Slapshot by Joe Pavelski.
13:03 of 3rd period - Shot Misses the Net.
13:05 of 3rd period - Wrist shot by Greg Stewart.
13:05 of 3rd period - Shot Hit the Post.
13:17 of 3rd period - Slapshot by Greg Stewart.
13:17 of 3rd period - Stopped by Ryan Miller with a rebound.
13:19 of 3rd period - Snap shot by Sidney Crosby.
13:19 of 3rd period - Stopped by Ryan Miller with a rebound.
13:21 of 3rd period - Snap shot by Joe Pavelski.
13:21 of 3rd period - Shot Misses the Net.
13:23 of 3rd period - Snap shot by Sidney Crosby.
13:23 of 3rd period - Stopped by Ryan Miller with a rebound.
13:25 of 3rd period - Wrist shot by Joe Pavelski.
13:25 of 3rd period - Shot Misses the Net.
13:27 of 3rd period - Snap shot by Greg Stewart.
13:27 of 3rd period - Shot Misses the Net.
13:29 of 3rd period - Wrist shot by Joe Pavelski.
13:29 of 3rd period - Stopped by Ryan Miller without a rebound.
13:30 of 3rd period - Tyler Bozak wins face-off versus Alexander Frolov in Devils zone.
13:39 of 3rd period - Snap shot by Steve Quailer.
13:39 of 3rd period - Stopped by Henrik Lundqvist with a rebound.
13:41 of 3rd period - Snap shot by Ben Lovejoy.
13:41 of 3rd period - Stopped by Henrik Lundqvist without a rebound.
13:42 of 3rd period - Frans Nielsen wins face-off versus Tyler Bozak in Canadiens zone.
13:51 of 3rd period - Off-side.
13:52 of 3rd period - Tyler Bozak wins face-off versus Enver Lisin in neutral zone.
14:30 of 3rd period - Snap shot by Alexander Frolov.
14:30 of 3rd period - Stopped by Ryan Miller with a rebound.
14:32 of 3rd period - Backhand shot by Mark Stuart.
14:32 of 3rd period - Shot Misses the Net.
14:34 of 3rd period - Slapshot by Alexander Frolov.
14:34 of 3rd period - Shot Misses the Net.
14:36 of 3rd period - Snap shot by Alexander Frolov.
14:36 of 3rd period - Shot Misses the Net.
14:38 of 3rd period - Slapshot by Vitaly Vishnevsky.
14:38 of 3rd period - Shot Blocked by Tyler Bozak.
14:40 of 3rd period - Slapshot by Enver Lisin.
14:40 of 3rd period - Stopped by Ryan Miller with a rebound.
14:42 of 3rd period - Slapshot by Vitaly Vishnevsky.
14:42 of 3rd period - Deflect By Tyler Bozak.
14:42 of 3rd period - Stopped by Ryan Miller with a rebound.
14:44 of 3rd period - Snap shot by Alexander Frolov.
14:44 of 3rd period - Goal by Alexander Frolov - Devils : 4 - Canadiens : 3.
14:45 of 3rd period - Jonathan Toews wins face-off versus Sidney Crosby in neutral zone.
14:58 of 3rd period - Slapshot by Taylor Hall.
14:58 of 3rd period - Shot Misses the Net.
15:00 of 3rd period - Snap shot by Jordan Eberle.
15:00 of 3rd period - Stopped by Henrik Lundqvist with a rebound.
15:02 of 3rd period - Wrist shot by Taylor Hall.
15:02 of 3rd period - Shot Blocked by Raphael Diaz.
15:32 of 3rd period - Alexander Frolov is hit by Jaden Schwartz and loses puck.
16:23 of 3rd period - Icing by Tyler Cuma.
16:24 of 3rd period - Dustin Boyd wins face-off versus Matt Duchene in Devils zone.
16:39 of 3rd period - Snap shot by Patrick Kane.
16:39 of 3rd period - Stopped by Henrik Lundqvist without a rebound.
16:40 of 3rd period - Sidney Crosby wins face-off versus Scott Gomez in Canadiens zone.
16:49 of 3rd period - Minor Penalty to Shaone Morrisonn for Tripping.
16:50 of 3rd period - Jonathan Toews wins face-off versus Dustin Boyd in Canadiens zone.
18:49 of 3rd period - Penalty to Shaone Morrisonn is over, Shaone Morrisonn is back on ice.
19:00 of 3rd period - Canadiens, Henrik Lundqvist is pulled from the net.
19:00 of 3rd period - Wrist shot by Greg Stewart.
19:00 of 3rd period - Stopped by Ryan Miller without a rebound.
19:01 of 3rd period - Guy Carbonneau call a timeout for Canadiens.
19:01 of 3rd period - Sidney Crosby wins face-off versus Scott Gomez in Devils zone.
19:05 of 3rd period - Minor Penalty to Ondrej Palat for Hooking.
19:06 of 3rd period - Sidney Crosby wins face-off versus Scott Gomez in Devils zone.
19:07 of 3rd period - Snap shot by Joe Pavelski.
19:07 of 3rd period - Stopped by Ryan Miller with a rebound.
19:09 of 3rd period - Snap shot by Luke Schenn.
19:09 of 3rd period - Shot Misses the Net.
19:19 of 3rd period - Slapshot by Greg Stewart.
19:19 of 3rd period - Goal by Greg Stewart - Devils : 4 - Canadiens : 4.
19:19 of 3rd period - Henrik Lundqvist from Canadiens was sent back in the game.
19:20 of 3rd period - Dustin Boyd wins face-off versus Scott Gomez in neutral zone.
19:23 of 3rd period - Slapshot by Luke Schenn.
19:23 of 3rd period - Shot Blocked by Ben Lovejoy.
19:31 of 3rd period - Wrist shot by Ondrej Palat.
19:31 of 3rd period - Shot Misses the Net.
Goals for this period are 0 for Devils vs 2 for Canadiens.
Shots for this period are 8 for Devils vs 18 for Canadiens.

Overtime #1


0:01 of 1st overtime period - Jonathan Toews wins face-off versus Sidney Crosby in neutral zone.
0:04 of 1st overtime period - Slapshot by Ben Lovejoy.
0:04 of 1st overtime period - Deflect By Jordan Eberle.
0:04 of 1st overtime period - Stopped by Henrik Lundqvist with a rebound.
1:12 of 1st overtime period - Off-side.
1:13 of 1st overtime period - Dustin Boyd wins face-off versus Scott Gomez in neutral zone.
1:20 of 1st overtime period - Backhand shot by Dustin Boyd.
1:20 of 1st overtime period - Shot Misses the Net.
1:22 of 1st overtime period - Snap shot by Dustin Boyd.
1:22 of 1st overtime period - Shot Misses the Net.
1:24 of 1st overtime period - Slapshot by Raphael Diaz.
1:24 of 1st overtime period - Shot Misses the Net.
1:34 of 1st overtime period - Slapshot by Travis Hamonic.
1:34 of 1st overtime period - Shot Blocked by Sidney Crosby.
1:50 of 1st overtime period - Icing by Luke Schenn.
1:51 of 1st overtime period - Jonathan Toews wins face-off versus Sidney Crosby in Canadiens zone.
2:31 of 1st overtime period - Slapshot by Scott Gomez.
2:31 of 1st overtime period - Shot Blocked by Vitaly Vishnevsky.
3:33 of 1st overtime period - Vitaly Vishnevsky is hit by Ryan O'Byrne and loses puck.
3:40 of 1st overtime period - Snap shot by Matt Duchene.
3:40 of 1st overtime period - Shot Misses the Net.
3:42 of 1st overtime period - Backhand shot by Dmitry Kulikov.
3:42 of 1st overtime period - Shot Misses the Net.
3:44 of 1st overtime period - Wrist shot by Tyler Cuma.
3:44 of 1st overtime period - Shot Misses the Net.
4:00 of 1st overtime period - Brock Nelson is hit by Scott Gomez and loses puck.
Goals for this period are 0 for Devils vs 0 for Canadiens.
Shots for this period are 1 for Devils vs 0 for Canadiens.

ShootOut


5:00 of 1st overtime period - Penalty Shot by Patrick Kane for Devils.
5:00 of 1st overtime period - Snap shot by Patrick Kane.
5:00 of 1st overtime period - Stopped by Henrik Lundqvist.
5:00 of 1st overtime period - Penalty Shot by Sidney Crosby for Canadiens.
5:00 of 1st overtime period - Snap shot by Sidney Crosby.
5:00 of 1st overtime period - Stopped by Ryan Miller.
5:00 of 1st overtime period - Penalty Shot by Taylor Hall for Devils.
5:00 of 1st overtime period - Wrist shot by Taylor Hall.
5:00 of 1st overtime period - Stopped by Henrik Lundqvist.
5:00 of 1st overtime period - Penalty Shot by Frans Nielsen for Canadiens.
5:00 of 1st overtime period - Deke by Frans Nielsen.
5:00 of 1st overtime period - Shot Hit the Post.
5:00 of 1st overtime period - Penalty Shot by Matt Duchene for Devils.
5:00 of 1st overtime period - Snap shot by Matt Duchene.
5:00 of 1st overtime period - Stopped by Henrik Lundqvist.
5:00 of 1st overtime period - Penalty Shot by Greg Stewart for Canadiens.
5:00 of 1st overtime period - Snap shot by Greg Stewart.
5:00 of 1st overtime period - Stopped by Ryan Miller.
5:00 of 1st overtime period - Penalty Shot by Jordan Eberle for Devils.
5:00 of 1st overtime period - Wrist shot by Jordan Eberle.
5:00 of 1st overtime period - Stopped by Henrik Lundqvist.
5:00 of 1st overtime period - Penalty Shot by Alexander Frolov for Canadiens.
5:00 of 1st overtime period - Wrist shot by Alexander Frolov.
5:00 of 1st overtime period - Goal by Alexander Frolov.